 Dungeon Crawl Stone Soup version 0.27-b1-42-g19c61b19a5 (webtiles) character file.

Game seed: 965699240389621401

317 shadowrider38 the Cleaver (level 6, -6/52 HPs)
             Began as a Minotaur Berserker on July 30, 2021.
             Was a Believer of Trog.
             Mangled by an ogre (18 damage)
             ... on level 4 of the Dungeon.
             The game lasted 00:04:35 (3302 turns).

shadowrider38 the Cleaver (Minotaur Berserker)      Turns: 3302, Time: 00:04:35

Health: -6/52      AC: 10    Str: 24    XL:     6   Next: 20%
Magic:  5/5        EV:  8    Int:  4    God:    Trog [**....]
Gold:   137        SH:  3    Dex:  9    Spells: 5/5 levels left

rFire    . . .     SeeInvis +   a - +0 hand axe
rCold    . . .     Faith    .   h - +0 buckler
rNeg     . . .     Spirit   .   b - +0 chain mail
rPois    .         Reflect  .   (helmet restricted)
rElec    .         Harm     .   (no cloak)
rCorr    .         Rampage  .   e - +0 pair of gloves
Will     .....                  (no boots)
Stlth    ..........             (no amulet)
HPRegen  0.17/turn              d - ring of see invisible
MPRegen  0.09/turn              (no ring)

@: no status effects
A: horns 2, retaliatory headbutt
a: Renounce Religion, Berserk, Trog's Hand


You were on level 4 of the Dungeon.
You worshipped Trog.
Trog was pleased with you.
You visited 1 branch of the dungeon, and saw 4 of its levels.

You collected 137 gold pieces.

Inventory:

Hand Weapons
 a - a +0 hand axe (weapon)
Armour
 b - a +0 chain mail (worn)
 e - a +0 pair of gloves (worn)
 h - a +0 buckler (worn)
Jewellery
 d - a ring of see invisible (left hand)
Scrolls
 f - a scroll of enchant weapon {unknown}
 i - 3 scrolls of identify {unknown}
 k - a scroll of enchant armour {unknown}
 l - a scroll of noise {unknown}
Potions
 c - a potion of degeneration {unknown}
 g - a potion of might {unknown}
 j - a potion of brilliance {unknown}
 m - a potion of cancellation {unknown}
 n - a potion of mutation {unknown}


   Skills:
 - Level 3.9 Fighting
 * Level 8.2 Axes
 - Level 2.5 Armour
 - Level 2.3 Dodging
 + Level 0.2 Shields


You had 5 spell levels left.
You didn't know any spells.
Your spell library was empty.

Dungeon Overview and Level Annotations

Branches:
Dungeon (4/15)
 Temple: D:4-7

Altars:


Innate Abilities, Weirdness & Mutations

You have a pair of horns on your head.
You reflexively headbutt those who attack you in melee.


Message History

a +0 club; an orc skeleton
There is a stone staircase leading up, spattered with blood here.
The ogre hits you with a +0 giant club!!
* * * LOW HITPOINT WARNING * * *
Things that are here:
a +0 club; an orc skeleton
There is a stone staircase leading up, spattered with blood here.
You climb upwards.
There is a stone staircase leading down here.
You start resting.
HP restored.
You climb downwards.
You block the ogre's attack.
There is a stone staircase leading up, spattered with blood here.
You hit the ogre but do no damage. You headbutt the ogre.
The ogre is lightly wounded.
The ogre hits you with a +0 giant club.
You barely miss the ogre.
The ogre is lightly wounded.
The ogre hits you with a +0 giant club!!
You slash the ogre! Your headbutt misses the ogre.
The ogre is heavily wounded.
You block the ogre's attack.
You hit the ogre but do no damage.
The ogre is heavily wounded.
Your shield prevents you from hitting the ogre.
The ogre is heavily wounded.
The ogre hits you but does no damage.
You completely miss the ogre.
The ogre is heavily wounded.
The ogre closely misses you.
You hit the ogre but do no damage.
The ogre is heavily wounded.
The ogre hits you with a +0 giant club!
* * * LOW HITPOINT WARNING * * *
You hit the ogre. You headbutt the ogre.
The ogre is almost dead.
You hit the ogre. Your headbutt misses the ogre.
The ogre is almost dead.
The ogre hits you with a +0 giant club!!
You die...

###............# #..#
#######......#.....####.#
.........................
#######..#(###.....####..
#......#............
#...........:.#.....
#.....##...####.....
#.O.............$...
#.)@#.####.###......
#..))....#.# #......
#....#.#.#.# #......
#......# # #......
#....#.# #......
#........ #......
#...###### #...... ......
....... #####.#


You could see an ogre.

Vanquished Creatures
  Grinder (D:4)
  An orc priest (D:4)
  2 adders
  A worm (D:3)
  A dart slug (D:2)
  4 orcs
  4 ball pythons
  2 bats
  6 endoplasms
  2 giant cockroaches
  13 goblins
  4 hobgoblins
  3 jackals (D:2)
  2 quokkas
  7 frilled lizards
  2 kobolds
  4 rats
59 creatures vanquished.

Notes
Turn   | Place    | Note
-------+----------+-------------------------------------------
     0 | D:1      | shadowrider38 the Minotaur Berserker began the quest for
                  | the Orb.
     0 | D:1      | Reached XP level 1. HP: 19/19 MP: 0/0
   311 | D:1      | Reached skill level 4 in Axes
   311 | D:1      | Reached XP level 2. HP: 27/27 MP: 1/1
   871 | D:2      | Reached XP level 3. HP: 25/33 MP: 2/2
  1144 | D:2      | Reached skill level 5 in Axes
  1146 | D:2      | Reached ** piety under Trog
  1712 | D:3      | Reached XP level 4. HP: 38/40 MP: 3/3
  2037 | D:3      | Found a faded altar of an unknown god.
  2447 | D:4      | Noticed Grinder
  2472 | D:4      | Reached skill level 6 in Axes
  2577 | D:4      | Paralysed by Grinder for 4 turns
  2832 | D:4      | Killed Grinder
  2833 | D:4      | Reached skill level 8 in Axes
  2833 | D:4      | Reached XP level 5. HP: 30/46 MP: 4/4
  2833 | D:4      | Reached XP level 6. HP: 34/52 MP: 5/5
  3302 | D:4      | Mangled by an ogre

Illustrated notes

Levels and vault maps discovered:
D:1:      dpeg_arrival_fog, layout_rooms
D:2:      cheibrodos_greedy_goblins, layout_loops_ring
D:3:      layout_loops_corners, hellmonk_ecumenical_altar_leap_of_faith,
          minivault_26
D:4:      layout_basic, grunt_temple_overflow_order_and_chaos_2,
          lemuel_crystal_altar, uniq_grinder

Skill      XL: |  1  2  3  4 |
---------------+-------------+-----
Axes           | 4 5 8 |  8.2
Fighting       | |  3.9
Armour         | |  2.5
Dodging        | |  2.3
Shields        | |  0.2

Action                   |  1- 3 |  4- 6 || total
-------------------------+-------+-------++-------
Melee: Hand axe          |    90 |    45 ||   135
       Headbutt          |     8 |    12 ||    20
Invok: Berserk           |       |     1 ||     1
       Trog's Hand       |       |     1 ||     1
Armor: Animal skin       |    13 |     2 ||    15
       Chain mail        |       |    15 ||    15
Dodge: Dodged            |    54 |    21 ||    75
Block: Buckler           |       |     6 ||     6
